NCAA
CINCINNATI BEARCATS @ MICHIGAN STATE SPARTANS
04/18/2025
 
TOP OF THE 1ST
Cincinnati Bearcats batting - Pitching for Michigan State Spartans : LHP Jeff Sandusky
Pitching: LHP Jeff Sandusky
Batting: SHB Mathew Olson 0-0: Foul Ball, location: 2F
0-1: Ball
1-1: Ball
2-1: Called Strike
2-2: Ball
3-2: Foul Ball, location: 2F
3-2: Strikes out swinging
Batting: SHB Tom Johnson 0-0: Ball
1-0: Ball
2-0: Ball
3-0: Called Strike
3-1: Base on Balls
Batting: RHB Chris Taylor 0-0: Ball
1-0: Fly out, F8 (Flyball, 8LM)
Batting: RHB Bill Russell 0-0: Ball
1-0: Called Strike
1-1: Swinging Strike
1-2: Ball
2-2: Foul Ball, location: 2F
2-2: Strikes out looking
Top of the 1st over - 0 run(s), 0 hit(s), 0 error(s), 1 left on base; Cincinnati 0 - Michigan State 0
BOTTOM OF THE 1ST
Michigan State Spartans batting - Pitching for Cincinnati Bearcats : LHP Troy Howell
Pitching: LHP Troy Howell
Batting: RHB Jorge Carranza 0-0: Called Strike
0-1: Foul Ball, location: 2F
0-2: Ball
1-2: Strikes out swinging
Batting: LHB Troy Jackson 0-0: Foul Ball, location: 2F
0-1: Ball
1-1: Foul Ball, location: 2F
1-2: Foul Ball, location: 2F
1-2: SINGLE (Flyball, 7S)
Batting: RHB Clinton Cook 0-0: Called Strike
0-1: Called Strike
0-2: Foul Ball, location: 2F
0-2: Fielders Choice at 2nd, 6-4 (Groundball, 6M)
Now at 2B: John Matthews
Batting: RHB Andrew Holmes 0-0: Called Strike
0-1: Ball
1-1: Ball
2-1: Fielders Choice at 2nd, 5-4 (Groundball, 56)
Bottom of the 1st over - 0 run(s), 1 hit(s), 0 error(s), 0 left on base; Cincinnati 0 - Michigan State 0
TOP OF THE 2ND
Cincinnati Bearcats batting - Pitching for Michigan State Spartans : LHP Jeff Sandusky
Batting: LHB William Foley 0-0: Ball
1-0: Called Strike
1-1: Swinging Strike
1-2: Ball
2-2: Foul Ball, location: 2F
2-2: Strikes out swinging
Batting: RHB Dave Richards 0-0: Ball
1-0: Called Strike
1-1: Foul Ball, location: 2F
1-2: Strikes out swinging
Batting: RHB Bradley Burns 0-0: Ball
1-0: Foul Ball, location: 2F
1-1: Called Strike
1-2: Strikes out swinging
Top of the 2nd over - 0 run(s), 0 hit(s), 0 error(s), 0 left on base; Cincinnati 0 - Michigan State 0
BOTTOM OF THE 2ND
Michigan State Spartans batting - Pitching for Cincinnati Bearcats : LHP Troy Howell
Batting: RHB Ryan Miller 0-0: Ball
1-0: Foul Ball, location: 2F
1-1: Foul Ball, location: 2F
1-2: Ball
2-2: SINGLE (Flyball, 8LS)
Batting: RHB Arthur Hopkins 0-0: Foul Ball, location: 2F
0-1: Called Strike
0-2: Grounds into double play, 6-4-3 (Groundball, 6)
Batting: RHB Herman O'Gleason 0-0: SOLO HOME RUN (Flyball, 89XD), Distance : 378 ft
Batting: RHB Nick Whitehead 0-0: Called Strike
0-1: Ball
1-1: Ball
2-1: Called Strike
2-2: Foul Ball, location: 2F
2-2: Foul Ball, location: 2F
2-2: Strikes out looking
Bottom of the 2nd over - 1 run(s), 2 hit(s), 0 error(s), 0 left on base; Cincinnati 0 - Michigan State 1
TOP OF THE 3RD
Cincinnati Bearcats batting - Pitching for Michigan State Spartans : LHP Jeff Sandusky
Batting: RHB Dave Jackson 0-0: Called Strike
0-1: Foul Ball, location: 2F
0-2: Foul Ball, location: 2F
0-2: Ball
1-2: Strikes out swinging
Batting: RHB John Matthews 0-0: Ball
1-0: Reached on error, E6 (Groundball, 6M)
Batting: SHB Mathew Olson 0-0: Ball
1-0: Fly out, F8 (Flyball, 8RM)
Batting: SHB Tom Johnson 0-0: Foul Ball, location: 2F
0-1: Foul Ball, location: 2F
0-2: Strikes out swinging
Top of the 3rd over - 0 run(s), 0 hit(s), 1 error(s), 1 left on base; Cincinnati 0 - Michigan State 1
BOTTOM OF THE 3RD
Michigan State Spartans batting - Pitching for Cincinnati Bearcats : LHP Troy Howell
Batting: LHB Cliff Mills 0-0: Ground out 1-3 (Groundball, 15S)
Batting: RHB Jorge Carranza 0-0: Called Strike
0-1: Ball
1-1: SOLO HOME RUN (Flyball, 7D), Distance : 362 ft
Batting: LHB Troy Jackson 0-0: Called Strike
0-1: Ball
1-1: Ball
2-1: Foul Ball, location: 2F
2-2: Ball
3-2: Strikes out swinging
Batting: RHB Clinton Cook 0-0: Ball
1-0: Ball
2-0: Foul Ball, location: 2F
2-1: Foul Ball, location: 2F
2-2: Strikes out swinging
Bottom of the 3rd over - 1 run(s), 1 hit(s), 0 error(s), 0 left on base; Cincinnati 0 - Michigan State 2
TOP OF THE 4TH
Cincinnati Bearcats batting - Pitching for Michigan State Spartans : LHP Jeff Sandusky
Batting: RHB Chris Taylor 0-0: Called Strike
0-1: Fly out, F7 (Flyball, 78M)
Batting: RHB Bill Russell 0-0: Ball
1-0: SINGLE (Line Drive, 78S)
Batting: LHB William Foley 0-0: Ball
1-0: Called Strike
1-1: Foul Ball, location: 2F
1-2: Strikes out looking
Batting: RHB Dave Richards 0-0: Foul Ball, location: 2F
0-1: Ball
1-1: Ball
2-1: Called Strike
2-2: Ball
3-2: Fly out, F8 (Flyball, 8RM)
Top of the 4th over - 0 run(s), 1 hit(s), 0 error(s), 1 left on base; Cincinnati 0 - Michigan State 2
BOTTOM OF THE 4TH
Michigan State Spartans batting - Pitching for Cincinnati Bearcats : LHP Troy Howell
Batting: RHB Andrew Holmes 0-0: Foul Ball, location: 2F
0-1: Ball
1-1: Ball
2-1: SINGLE (Flyball, 8LS)
Batting: RHB Ryan Miller 0-0: Foul Ball, location: 2F
0-1: Ball
1-1: Fly out, F8 (Flyball, 8LM)
Batting: RHB Arthur Hopkins 0-0: Ball
1-0: Ball
2-0: Foul Ball, location: 2F
2-1: Ball
3-1: Swinging Strike
3-2: Base on Balls
Andrew Holmes to second
Batting: RHB Herman O'Gleason 0-0: Called Strike
0-1: Foul Ball, location: 2F
0-2: Ball
1-2: Ground out 2-3 (Groundball, 23)
Andrew Holmes to third
Arthur Hopkins to second
Batting: RHB Nick Whitehead 0-0: Called Strike
0-1: Fly out, F8 (Flyball, 8LM)
Bottom of the 4th over - 0 run(s), 1 hit(s), 0 error(s), 2 left on base; Cincinnati 0 - Michigan State 2
TOP OF THE 5TH
Cincinnati Bearcats batting - Pitching for Michigan State Spartans : LHP Jeff Sandusky
Batting: RHB Bradley Burns 0-0: Called Strike
0-1: Ball
1-1: Foul Ball, location: 2F
1-2: Ball
2-2: Foul Ball, location: 2F
2-2: Strikes out swinging, 2-3 out at first.
Batting: RHB Dave Jackson 0-0: Ball
1-0: Ball
2-0: Called Strike
2-1: Ball
3-1: Called Strike
3-2: Fly out, F7 (Flyball, 7M)
Batting: RHB John Matthews 0-0: Ball
1-0: Foul Ball, location: 2F
1-1: Bunt for hit - play at first, batter OUT! 1-3
Top of the 5th over - 0 run(s), 0 hit(s), 0 error(s), 0 left on base; Cincinnati 0 - Michigan State 2
BOTTOM OF THE 5TH
Michigan State Spartans batting - Pitching for Cincinnati Bearcats : LHP Troy Howell
Batting: LHB Cliff Mills 0-0: Reached on Error, E7 (Flyball, 7M)
Batting: RHB Jorge Carranza 0-0: Grounds into double play, 1-6-3 (Groundball, 13S)
Batting: LHB Troy Jackson 0-0: Called Strike
0-1: Ball
1-1: Ball
2-1: Foul Ball, location: 2F
2-2: Foul Ball, location: 2F
2-2: Foul Ball, location: 2F
2-2: Ball
3-2: Foul Ball, location: 2F
3-2: Foul Ball, location: 2F
3-2: Strikes out swinging
Bottom of the 5th over - 0 run(s), 0 hit(s), 1 error(s), 0 left on base; Cincinnati 0 - Michigan State 2
TOP OF THE 6TH
Cincinnati Bearcats batting - Pitching for Michigan State Spartans : LHP Jeff Sandusky
Batting: SHB Mathew Olson 0-0: Foul Ball, location: 2F
0-1: Fly out, F8 (Flyball, 8LM)
Batting: SHB Tom Johnson 0-0: Ball
1-0: Swinging Strike
1-1: Called Strike
1-2: Foul Ball, location: 2F
1-2: Foul Ball, location: 2F
1-2: Strikes out looking
Batting: RHB Chris Taylor 0-0: Ground out 4-3 (Groundball, 4)
Top of the 6th over - 0 run(s), 0 hit(s), 0 error(s), 0 left on base; Cincinnati 0 - Michigan State 2
BOTTOM OF THE 6TH
Michigan State Spartans batting - Pitching for Cincinnati Bearcats : LHP Troy Howell
Batting: RHB Clinton Cook 0-0: Ball
1-0: SINGLE (Groundball, 34D)
Pitching: RHP Héctor Bernard
Batting: RHB Andrew Holmes 0-0: Ball
1-0: Foul Ball, location: 2F
1-1: SINGLE (Line Drive, 3D)
Clinton Cook to second
Batting: RHB Ryan Miller 0-0: Ball
1-0: Foul Ball, location: 2F
1-1: Foul Ball, location: 2F
1-2: Fly out, F9 (Flyball, 89S)
Batting: RHB Arthur Hopkins 0-0: Foul Ball, location: 2F
0-1: Foul Ball, location: 2F
0-2: Strikes out swinging
Batting: RHB Herman O'Gleason 0-0: Foul Ball, location: 2F
0-1: Ball
1-1: Ball
2-1: Fielders Choice at 2nd, U4 (Groundball, 4M)
Bottom of the 6th over - 0 run(s), 2 hit(s), 0 error(s), 2 left on base; Cincinnati 0 - Michigan State 2
TOP OF THE 7TH
Cincinnati Bearcats batting - Pitching for Michigan State Spartans : LHP Jeff Sandusky
Pitching: RHP Darren Payne
Batting: RHB Bill Russell 0-0: Called Strike
0-1: Called Strike
0-2: Strikes out swinging
Batting: LHB William Foley 0-0: Called Strike
0-1: Ball
1-1: Ground out 5-3 (Groundball, 56)
Batting: RHB Dave Richards 0-0: Ball
1-0: Ball
2-0: Foul Ball, location: 2F
2-1: Ball
3-1: Base on Balls
Batting: RHB Bradley Burns 0-0: Ball
1-0: Called Strike
1-1: Called Strike
1-2: Foul Ball, location: 2F
1-2: Fly out, F8 (Flyball, 8RS)
Top of the 7th over - 0 run(s), 0 hit(s), 0 error(s), 1 left on base; Cincinnati 0 - Michigan State 2
BOTTOM OF THE 7TH
Michigan State Spartans batting - Pitching for Cincinnati Bearcats : RHP Héctor Bernard
Batting: RHB Nick Whitehead 0-0: Ball
1-0: Ground out 6-3 (Groundball, 6)
Batting: LHB Cliff Mills 0-0: SINGLE (Groundball, 56D)
Batting: RHB Jorge Carranza 0-0: Ball
1-0: Ball
2-0: Ball
3-0: Base on Balls
Cliff Mills to second
Batting: LHB Troy Jackson 0-0: Called Strike
0-1: Called Strike
0-2: Ball
1-2: Ball
2-2: Fly out, F9 (Flyball, 9M)
Runner from 2nd tags up, SAFE at 3rd with throw
Batting: RHB Clinton Cook 0-0: Ball
1-0: Called Strike
1-1: Ball
2-1: Called Strike
2-2: Ground out 4-3 (Groundball, 4)
Bottom of the 7th over - 0 run(s), 1 hit(s), 0 error(s), 2 left on base; Cincinnati 0 - Michigan State 2
TOP OF THE 8TH
Cincinnati Bearcats batting - Pitching for Michigan State Spartans : RHP Darren Payne
Batting: RHB Dave Jackson 0-0: Ball
1-0: SINGLE (Groundball, 6)
Pitching: RHP Nicholas Becker
Batting: RHB John Matthews 0-0: Foul Ball, location: 2F
0-1: Ball
1-1: Ball
2-1: Grounds into double play, 6-4-3 (Groundball, 6M)
Batting: SHB Mathew Olson 0-0: Ball
1-0: Ball
2-0: Foul Ball, location: 2F
2-1: Foul Ball, location: 2F
2-2: Foul Ball, location: 2F
2-2: Foul Ball, location: 2F
2-2: Strikes out swinging
Top of the 8th over - 0 run(s), 1 hit(s), 0 error(s), 0 left on base; Cincinnati 0 - Michigan State 2
BOTTOM OF THE 8TH
Michigan State Spartans batting - Pitching for Cincinnati Bearcats : RHP Héctor Bernard
Pitching: RHP Will Robinson
Batting: RHB Andrew Holmes 0-0: Called Strike
0-1: Ball
1-1: Foul Ball, location: 2F
1-2: Foul Ball, location: 2F
1-2: Strikes out swinging
Batting: RHB Ryan Miller 0-0: Ball
1-0: Foul Ball, location: 2F
1-1: Called Strike
1-2: Foul Ball, location: 2F
1-2: Foul Ball, location: 2F
1-2: SOLO HOME RUN (Flyball, 7D), Distance : 353 ft
Batting: RHB Arthur Hopkins 0-0: Ball
1-0: Swinging Strike
1-1: Ground out 1-3 (Groundball, 15)
Batting: RHB Herman O'Gleason 0-0: Swinging Strike
0-1: Ball
1-1: Ball
2-1: Called Strike
2-2: Foul Ball, location: 2F
2-2: Foul Ball, location: 2F
2-2: Strikes out looking
Bottom of the 8th over - 1 run(s), 1 hit(s), 0 error(s), 0 left on base; Cincinnati 0 - Michigan State 3
TOP OF THE 9TH
Cincinnati Bearcats batting - Pitching for Michigan State Spartans : RHP Nicholas Becker
Pitching: LHP Carlos Martínez
Now at C: José Arce
Batting: SHB Tom Johnson 0-0: Ball
1-0: Called Strike
1-1: Ground out 4-3 (Groundball, 4M)
Batting: RHB Chris Taylor 0-0: Fly out, F8 (Flyball, 8LM)
Batting: RHB Bill Russell 0-0: Foul Ball, location: 2F
0-1: Ball
1-1: Foul Ball, location: 2F
1-2: Strikes out swinging
Top of the 9th over - 0 run(s), 0 hit(s), 0 error(s), 0 left on base; Cincinnati 0 - Michigan State 3
This league is powered by Out of the Park Baseball, the baseball management simulation game for PC, Mac and Linux
Tuesday, August 2nd, 2016 - OOTP Baseball 16.8 Build 38